 Dungeon Crawl Stone Soup version 0.30-a0-956-gcec3b41aec (webtiles) character file.

Game seed: 11030320538846034476

58 MachoJfn the Sneak (level 4, 24/24 HPs)
             Began as a Kobold Enchanter on Mar 29, 2023.
             Quit the game on level 2 of the Dungeon.
             The game lasted 00:05:27 (1575 turns).

MachoJfn the Sneak (Kobold Enchanter)               Turns: 1575, Time: 00:05:28

Health: 24/24      AC:  3    Str:  7    XL:     4   Next: 20%
Magic:  7/7        EV: 15    Int: 16    God:
Gold:   38         SH:  0    Dex: 15    Spells: 7/7 levels left

rFire   . . .      SeeInvis .    a - +1 dagger
rCold   . . .      Faith    .    (no shield)
rNeg    . . .      Spirit   .    b - +0 robe
rPois   .          Reflect  .    f - +0 helmet
rElec   .          Rampage  .    (no cloak)
rCorr   .                        (no gloves)
Will    .....                    (no boots)
Stlth   ++++                     (no amulet)
HPRegen 0.24/turn                (no ring)
MPRegen 0.10/turn                (no ring)

@: no status effects
A: small, no large weapons, nightstalker 3
a: no special abilities


You were on level 2 of the Dungeon.
You visited 1 branch of the dungeon, and saw 2 of its levels.

You collected 38 gold pieces.

Inventory:

Hand Weapons
 a - a +1 dagger (weapon)
Missiles
 h - 27 stones (quivered)
Armour
 b - a +0 robe (worn)
 f - a +0 helmet (worn)
Wands
 m - a wand of iceblast (10)
Scrolls
 e - 3 scrolls of teleportation
 i - 2 scrolls of identify {unknown}
 k - 2 scrolls of enchant weapon {unknown}
 l - a scroll of butterflies {unknown}
Potions
 c - a potion of invisibility
 d - a potion of magic {unknown}
 g - 2 potions of curing
 j - 2 potions of brilliance {unknown}
 n - 2 potions of berserk rage {unknown}


   Skills:
 + Level 0.2 Fighting
 + Level 2.2 Short Blades
 + Level 2.9 Dodging
 + Level 5.4 Stealth
 + Level 2.3 Spellcasting
 + Level 3.2 Hexes


You had 7 spell levels left.
You didn't know any spells.
Your spell library contained the following spells:

 Spells                   Type           Power      Damage    Failure   Level
 Ensorcelled Hibernation  Hex/Ice        14%        N/A       16%         2
 Confusing Touch          Hex            12%        N/A       16%         3
 Tukima's Dance           Hex            12%        N/A       16%         3
 Apportation              Tloc           2%         N/A       21%         1
 Necrotise                Necr           4%         1d4       21%         1
 Summon Small Mammal      Summ           4%         N/A       21%         1
 Dazzling Flash           Conj/Hex       14%        N/A       30%         3
 Animate Armour           Summ/Erth      2%         N/A       90%         4
 Blade Hands              Tmut           0%         N/A       99%         5
 Iron Shot                Conj/Erth      0%         9d1       100%        6


Dungeon Overview and Level Annotations

Branches:
Dungeon (2/15)

Altars:

Annotations:
D:2 Robin


Innate Abilities, Weirdness & Mutations

You are small and have problems with some larger weapons.
You are completely attuned to the shadows.


Message History

The goblin goes into a battle-frenzy!
The goblin barely misses you. x2
You hear a shout!
Things that are here:
a +0 dagger; a goblin corpse You hit the goblin.
The goblin is severely wounded.
The hobgoblin hits you but does no damage.
The goblin closely misses you.
A goblin comes into view. It is wielding a +0 dagger.
The goblin barely misses you. The adder bites you.
You closely miss the goblin.
The goblin is severely wounded.
The goblin closely misses you. The goblin completely misses you.
The hobgoblin barely misses you. The adder completely misses you.
You hit the goblin.
You kill the goblin!
The goblin hits you with a +1 dagger of holy wrath.
The hobgoblin completely misses you. The adder bites you.
You have reached level 4!
You fade into invisibility!
The adder bites you. The hobgoblin closely misses you.
The goblin closely misses you.
A goblin comes into view. It is wielding a +0 dagger.
You catch the helpless adder completely off-guard!
You puncture the adder!
You kill the adder!
The goblin closely misses you. The hobgoblin barely misses you.
Robin zaps a wand.
The puff of flame hits the hobgoblin.
The hobgoblin dies!
The goblin no longer looks unusually strong.
A goblin is nearby!
You flicker for a moment.
You flicker back into view.
There is a stone staircase leading up here.
There is a stone staircase leading up here.
There is a stone staircase leading up here.
There is a stone staircase leading up here.
Are you sure you want to abandon this character and quit the game? (Confirm with "yes".)

####### #.....# #.###.#
#.###.# #[..#.#
#######################.#.#
................@........>#
#####.......###########.#.#
#.#####.# ###......# #.#
#.# #...###### #.# #.#
#.####.# #####.#####.# #.#
..P ......#.....# #.# .##
##..###.##### .#.# ##.#
#..# #####


There were no monsters in sight!

Vanquished Creatures
  An adder (D:2)
  A worm (D:2)
  A dart slug (D:1)
  3 endoplasms (D:1)
  8 goblins
  6 hobgoblins
  5 kobolds (D:1)
  5 ball pythons
  5 bats (D:1)
  3 frilled lizards
38 creatures vanquished.

Vanquished Creatures (others)
  A hobgoblin (D:2)
1 creature vanquished.

Grand Total: 39 creatures vanquished

Notes
Turn   | Place    | Note
-------+----------+-------------------------------------------
     0 | D:1      | MachoJfn the Kobold Enchanter began the quest for the Orb.
     0 | D:1      | Reached XP level 1. HP: 10/10 MP: 3/3
    78 | D:1      | Reached XP level 2. HP: 14/15 MP: 5/5
   450 | D:1      | Reached XP level 3. HP: 19/19 MP: 6/6
   548 | D:1      | Reached skill level 5 in Stealth
  1403 | D:2      | Noticed Robin
  1421 | D:2      | Reached XP level 4. HP: 11/24 MP: 7/7
  1575 | D:2      | Quit the game

Illustrated notes

Levels and vault maps discovered:
D:1:      reono_arrival_forest_river, layout_basic, minmay_misc_feat_x,
          minmay_tromino_i4
D:2:      layout_basic, serial_aquarium, aquarium_bridge_straight
          [aquarium_subvault_bridge, aquarium_subvault_wall,
          aquarium_subvault_bridge, aquarium_subvault_balcony],
          aquarium_window_fake, aquarium_window_fake, aquarium_view_2c,
          aquarium_view_2b, minivault_26, kennysheep_generic_room_6, uniq_robin

Skill      XL: |  1  2  3 |
---------------+----------+-----
Stealth        | 5 |  5.4
Short Blades   | 2 |  2.2
Fighting       | |  0.2
Dodging        | |  2.9
Spellcasting   | |  2.3
Hexes          | |  3.2

Action                     |  1- 3 |  4- 6 || total
---------------------------+-------+-------++-------
  Melee: Dagger            |   105 |     1 ||   106
    Use: Scroll            |     1 |       ||     1
         Potion            |     1 |     1 ||     2
   Stab: Sleeping          |    18 |       ||    18
         Invisible         |       |     1 ||     1
 Armour: Robe              |    14 |       ||    14
  Dodge: Dodged            |    64 |     4 ||    68

Table legend: (Time is in decaauts)
 A = Elapsed time spent in this place.
 B = Non-inter-level travel time spent in this place.
 C = Inter-level travel time spent in this place.
 D = Time resting spent in this place.
 E = Time spent auto-exploring this place.
 F = Levels seen in this place.
 G = Mean time per level.
                   A        B        C        D        E       F      G
               +--------+--------+--------+--------+--------+-----+--------+
         Total |   1570 |   1299 |    271 |     93 |    898 |   2 |  785.0 |
       Dungeon |   1570 |   1299 |    271 |     93 |    898 |   2 |  785.0 |
               +--------+--------+--------+--------+--------+-----+--------+

Top non-repeatable levels by time:
     D:1: 1094 daAuts
     D:2: 476 daAuts
